 Dungeon Crawl Stone Soup version 0.29.1-12-g30fa7ad0bf (webtiles) character file.

Game seed: 13741606427601839775

104 zlionsfan the Firebug (level 4, -4/24 HPs)
             Began as a Tengu Fire Elementalist on Jan 10, 2023.
             Slain by an orc
             ... wielding a +0 morningstar
              (8 damage)
             ... on level 3 of the Dungeon.
             The game lasted 00:09:14 (2591 turns).

zlionsfan the Firebug (Tengu Fire Elementalist)     Turns: 2591, Time: 00:09:14

Health: -4/24      AC:  3    Str: 16    XL:     4   Next: 80%
Magic:  7/9        EV: 12    Int: 18    God:
Gold:   88         SH:  0    Dex: 14    Spells: 1/8 levels left

rFire   . . .      SeeInvis .   (no weapon)
rCold   . . .      Faith    .   (no shield)
rNeg    . . .      Spirit   .   a - +0 robe
rPois   .          Reflect  .   (helmet restricted)
rElec   .          Harm     .   o - +0 cloak
rCorr   +          Rampage  .   (no gloves)
Will    .....                   (boots unavailable)
Stlth   ++........              (no amulet)
HPRegen 0.08/turn               j - ring of resist corrosion
MPRegen 0.11/turn               t - ring of Tynain {Wiz rCorr Str+8}

@: mighty
A: beak, talons 3
a: no special abilities


You were on level 3 of the Dungeon.
You visited 1 branch of the dungeon, and saw 3 of its levels.

You collected 88 gold pieces.

Inventory:

Armour
 a - a +0 robe (worn)
 o - a +0 cloak (worn)
Jewellery
 j - a ring of resist corrosion (left hand)
 t - the ring of Tynain (right hand) {Wiz rCorr Str+8}
   (You acquired it on level 3 of the Dungeon)

   [ring of wizardry]

   It improves your spell success rate.
   Str:       It affects your strength (+8).
   rCorr:     It protects you from acid and corrosion.
Scrolls
 c - a scroll of poison {unknown}
 f - 2 scrolls of identify {unknown}
 h - 3 scrolls of teleportation
 i - a scroll of magic mapping {unknown}
 k - 2 scrolls of acquirement
 l - a scroll of fear {unknown}
 q - a scroll of summoning {unknown}
 s - 2 scrolls of enchant weapon {unknown}
Potions
 b - 2 potions of brilliance {unknown}
 d - 2 potions of might
 e - a potion of magic
 g - a potion of degeneration {unknown}
 m - 2 potions of heal wounds {unknown}
 n - a potion of attraction {unknown}
 p - a potion of curing {unknown}
 r - a potion of flight {unknown}


   Skills:
 + Level 2.6 Dodging
 + Level 2.7 Stealth
 + Level 2.9 Spellcasting
 + Level 2.8 Conjurations
 + Level 4.0 Fire Magic


You had one spell level left.
You knew the following spells:

 Your Spells              Type           Power      Damage    Failure   Level
a - Foxfire               Conj/Fire      56%        2x1d6     1%          1
b - Scorch                Fire           34%        2d7       1%          2
c - Beastly Appendage     Tmut           4%         N/A       6%          1
d - Inner Flame           Hex/Fire       9%         N/A       9%          3

Your spell library contained the following spells:

 Spells                   Type           Power      Damage    Failure   Level
 Conjure Flame            Conj/Fire      14%        6-21      4%          3
 Wereblood                Tmut           2%         N/A       10%         2
 Flame Wave               Conj/Fire      14%        2d6       16%         4
 Spider Form              Tmut/Pois      2%         N/A       21%         3


Dungeon Overview and Level Annotations

Branches:
Dungeon (3/15)

Altars:


Innate Abilities, Weirdness & Mutations

You have a beak for a mouth.
You have claws for feet.


Message History

The orc shouts!
Casting: Foxfire (safe; 1% risk of failure)
Confirm with . or Enter, or press ? or * to list all spells.
You conjure some foxfire!
The foxfire hits the hobgoblin but does no damage. x2
Casting: Foxfire (safe; 1% risk of failure)
Confirm with . or Enter, or press ? or * to list all spells.
You conjure some foxfire!
The foxfire hits the hobgoblin.
The hobgoblin is severely wounded.
An orc comes into view. It is wielding a +0 hand axe.
The giant cockroach bites you.
You hit the giant cockroach. Your kick misses the giant cockroach.
The giant cockroach is severely wounded.
The foxfire hits the hobgoblin.
The hobgoblin is almost dead.
The giant cockroach misses you.
You barely miss the hobgoblin. You claw the hobgoblin.
You kill the hobgoblin!
The giant cockroach closely misses you.
Casting: Foxfire (safe; 1% risk of failure)
Confirm with . or Enter, or press ? or * to list all spells.
You conjure some foxfire!
The giant cockroach bites you but does no damage.
The foxfire hits the orc.
The orc is moderately wounded.
The orc wizard points at you and mumbles some strange words.
The magic dart hits you! The giant cockroach barely misses you.
You closely miss the orc. Your kick misses the orc.
The orc is moderately wounded.
The orc hits you with a +0 club. The giant cockroach barely misses you.
You barely miss the giant cockroach.
The giant cockroach is severely wounded.
The orc hits you with a +0 morningstar!
* * * LOW HITPOINT WARNING * * *
The orc misses you.
The giant cockroach bites you but does no damage.
It was a potion of might.
You feel very mighty all of a sudden. The giant cockroach closely misses you.
The orc hits you with a +0 morningstar!
You die...

.....# #.# ....##
.........##.#
.....##
.........##.#
......#
.........##.#
#####.............
#.# ###..........
#.# .......o# #.#
#....oBo###.#
#@o...# ####..#
#..# ####


You could see an orc wizard, 3 orcs and a giant cockroach.

Vanquished Creatures
  3 adders (D:2)
  2 worms (D:2)
  3 dart slugs
  8 bats
  3 endoplasms
  5 giant cockroaches
  6 goblins
  10 hobgoblins
  2 quokkas (D:1)
  4 ball pythons
  4 frilled lizards (D:2)
  3 kobolds (D:1)
  10 rats
63 creatures vanquished.

Vanquished Creatures (collateral kills)
  2 foxfires (D:1)
2 creatures vanquished.

Vanquished Creatures (others)
  128 foxfires
  A plant (D:1)
129 creatures vanquished.

Grand Total: 194 creatures vanquished

Notes
Turn   | Place    | Note
-------+----------+-------------------------------------------
     0 | D:1      | zlionsfan the Tengu Fire Elementalist began the quest for
                  | the Orb.
     0 | D:1      | Reached XP level 1. HP: 10/10 MP: 4/4
   180 | D:1      | Reached XP level 2. HP: 15/15 MP: 1/6
   183 | D:1      | Learned a level 2 spell: Scorch
   403 | D:1      | Learned a level 1 spell: Beastly Appendage
   766 | D:1      | Reached XP level 3. HP: 19/19 MP: 3/7
  1718 | D:2      | Reached XP level 4. HP: 23/24 MP: 5/9
  2461 | D:3      | Reached skill level 4 in Fire Magic
  2565 | D:3      | Identified 3 scrolls of acquirement
  2565 | D:3      | Acquired the ring of Tynain {Wiz rCorr Str+8}
  2573 | D:3      | Learned a level 3 spell: Inner Flame
  2591 | D:3      | Slain by an orc

Illustrated notes

Levels and vault maps discovered:
D:1:      giann_bridges, layout_loops_ring, st_stairs_6, serial_bayou_lagoon_b
D:2:      layout_basic, serial_curves, eino_curves_03, eino_curves_03,
          eino_curves_04, grunt_ministairs_6, minmay_fountain_box
D:3:      minmay_inner_zag, layout_rooms, shapermc_ecumenical_altar_rom_forum

Skill      XL: |  1  2  3  4 |
---------------+-------------+-----
Conjurations   | 2 |  2.8
Fire Magic     | 4 |  4.0
Dodging        | |  2.6
Stealth        | |  2.7
Spellcasting   | |  2.9

Action                   |  1- 3 |  4- 6 || total
-------------------------+-------+-------++-------
Melee: Unarmed           |    24 |    25 ||    49
       Kick              |     7 |    10 ||    17
       Peck              |     3 |     2 ||     5
 Cast: Foxfire           |    51 |    28 ||    79
       Beastly Appendage |     6 |       ||     6
       Scorch            |       |     1 ||     1
  Use: Scroll            |       |     2 ||     2
       Potion            |       |     1 ||     1
 Stab: Sleeping          |     1 |     2 ||     3
Armor: Robe              |     6 |     6 ||    12
Dodge: Dodged            |    36 |    21 ||    57
